 Dungeon Crawl Stone Soup version 0.22.1-2-g9c5b331 (webtiles) character file.

29451 MalarOregon the Nimble (level 13, -7/103 HPs)
             Began as a Merfolk Venom Mage on Nov 26, 2018.
             Was a High Priest of Nemelex Xobeh.
             Killed from afar by a swamp worm (19 damage)
             ... with a harpoon shot
             ... on level 6 of the Lair of Beasts.
             The game lasted 00:45:29 (15723 turns).

MalarOregon the Nimble (Merfolk Venom Mage)        Turns: 15723, Time: 00:45:29

Health: -7/103     AC: 13    Str: 13    XL:     13   Next: 45%
Magic:  8/25       EV: 30    Int: 18    God:    Nemelex Xobeh [*****.]
Gold:   963        SH: 12    Dex: 14    Spells: 21/29 levels left

rFire    . . .     SeeInvis .   E - +7 falchion (elec)
rCold    . . .     Gourm    .   y - +3 buckler
rNeg     . . .     Faith    .   j - +3 leather armour
rPois    .         Spirit   .   (no helmet)
rElec    .         Reflect  +   A - +2 cloak
rCorr    .         Harm     .   F - +2 pair of gloves {Str+3}
MR       .....                  (boots currently unavailable)
Stlth    +++.......             D - +4 amulet of reflection
HPRegen  0.27/turn              b - ring of wizardry
MPRegen  0.19/turn              f - +5 ring of evasion

@: radiating poison, very quick
A: change form in water, swift swim, stealthy swim
a: Triple Draw, Deal Four, Stack Five, Renounce Religion


You were on level 6 of the Lair of Beasts.
You worshipped Nemelex Xobeh.
Nemelex Xobeh was extremely pleased with you.
You were not hungry.

You visited 3 branches of the dungeon, and saw 16 of its levels.
You also visited: Bailey.

You collected 963 gold pieces.

Inventory:

Hand Weapons
 n - a +1 dagger of freezing
   (You took it off a goblin on level 2 of the Dungeon)
 E - a +7 falchion of electrocution (weapon)
   (You took it off an orc on level 6 of the Dungeon)
Missiles
 I - 3 throwing nets (quivered) {!f}
Armour
 j - a +3 leather armour (worn)
   (You found it on level 1 of the Dungeon)
 y - a +3 buckler (worn)
   (You found it on level 4 of the Dungeon)
 A - a +2 cloak (worn)
   (You took it off Crazy Yiuf on level 3 of the Dungeon)
 F - a +2 pair of gloves of strength (worn)
   (You found it on level 6 of the Dungeon)
Jewellery
 b - a ring of wizardry (left hand)
   (You found it on level 1 of the Dungeon)
 f - a +5 ring of evasion (right hand)
   (You found it on level 4 of the Dungeon)
 i - an uncursed ring of protection from fire
   (You found it on level 4 of the Dungeon)
 o - an uncursed ring of protection from cold
   (You found it on level 2 of the Dungeon)
 r - an uncursed ring of positive energy
   (You found it on level 1 of the Dungeon)
 u - an uncursed ring of protection from cold
   (You found it on level 5 of the Lair of Beasts)
 z - an uncursed ring of see invisible
   (You found it on level 3 of the Dungeon)
 D - a +4 amulet of reflection (around neck)
   (You found it on level 8 of the Dungeon)
Wands
 c - a wand of disintegration (13)
   (You found it on level 1 of the Lair of Beasts)
 d - a wand of iceblast (32)
   (You found it on level 7 of the Dungeon)
 v - a wand of digging (24)
   (You took it off Terence on level 1 of the Dungeon)
 x - a wand of acid (8)
   (You found it on level 7 of the Dungeon)
 L - a wand of enslavement (15)
   (You found it on level 8 of the Dungeon)
 Z - a wand of polymorph (15)
   (You found it on level 5 of the Lair of Beasts)
Scrolls
 g - 4 scrolls of teleportation {@r4}
 h - 10 scrolls of remove curse {@r2}
 k - a scroll of fog
 s - 2 scrolls of immolation {!r}
 B - 3 scrolls of amnesia
 G - 3 scrolls of identify {@r1}
 M - 3 scrolls of blinking
Potions
 a - 5 potions of might
 l - 2 potions of ambrosia
 m - 3 potions of heal wounds {@q2}
 p - 4 potions of berserk rage
 q - 2 potions of haste {@q3}
 t - 4 potions of curing {@q1}
 w - 2 potions of cancellation
 J - 2 potions of magic
 K - a potion of brilliance {unknown}
 N - a potion of agility
 Q - 2 potions of flight
 U - 2 potions of mutation {!q}
 V - a potion of lignification {!q}
 X - a potion of resistance
Miscellaneous
 C - a plain deck of destruction {drawn: 5}
   (Nemelex Xobeh gifted it to you on level 6 of the Dungeon)
 H - a plain deck of escape {the Tomb, left: 5}
   (Nemelex Xobeh gifted it to you on level 7 of the Dungeon)
 P - a plain deck of summoning
   (Nemelex Xobeh gifted it to you on level 1 of the Lair of Beasts)
 R - a plain deck of destruction
   (Nemelex Xobeh gifted it to you on level 6 of the Lair of Beasts)
 S - an ornate deck of summoning
   (Nemelex Xobeh gifted it to you on level 6 of the Lair of Beasts)
 T - a plain deck of destruction
   (Nemelex Xobeh gifted it to you on level 3 of the Lair of Beasts)
Comestibles
 e - 21 rations {!d}
 O - 17 chunks of flesh


   Skills:
 + Level 10.1 Fighting
 - Level 4.9(7.9) Short Blades
 + Level 8.9(9.4) Long Blades
 + Level 7.0 Armour
 + Level 12.2 Dodging
 - Level 3.3 Stealth
 - Level 4.3 Shields
 + Level 8.7 Spellcasting
   Level 1.1 Conjurations
 - Level 6.0 Poison Magic
 + Level 7.1 Invocations


You had 21 spell levels left.
You knew the following spells:

 Your Spells              Type           Power        Failure   Level  Hunger
a - Call Imp              Summ           #.......     7%          2    None
x - Poisonous Vapours     Pois/Air       ###...       1%          2    None
y - Olgreb's Toxic Radia  Pois           ####....     4%          4    ###....

Your spell library contained the following spells:

 Spells                   Type           Power        Failure   Level  Hunger
 Sting                    Conj/Pois      ###.         1%          1    None
 Magic Dart               Conj           ##..         2%          1    None
 Flame Tongue             Conj/Fire      #....        3%          1    None
 Throw Flame              Conj/Fire      #.....       5%          2    None
 Mephitic Cloud           Conj/Pois/Air  ###.....     5%          3    None
 Blink                    Tloc           N/A          7%          2    None
 Slow                     Hex            #.......     7%          2    None
 Conjure Flame            Conj/Fire      #.......     11%         3    None
 Inner Flame              Hex/Fire       #.......     13%         3    None
 Venom Bolt               Conj/Pois      ###.......   26%         5    #####..
 Sticky Flame             Conj/Fire      #.......     32%         4    ###....
 Fireball                 Conj/Fire      #.........   65%         5    #####..


Dungeon Overview and Level Annotations

Branches:
Dungeon (9/15)             Temple (1/1) D:7            Lair (6/6) D:9
  Swamp (0/4) Lair:3        Snake (0/4) Lair:2        Slime (0/5) Lair:6
    Orc: D:9-12

Altars:
Ashenzari
Cheibriados
Dithmenos
Elyvilon
Fedhas
Gozag
Hepliaklqana
Kikubaaqudgha
Makhleb
Nemelex Xobeh
Okawaru
Qazlal
Ru
Sif Muna
Trog
Uskayaw
Vehumet
Wu Jian
Xom
Yredelemnul
Zin
The Shining One


Message History

The swamp worm bites the plant but does no damage.
Okay, then.
Your legs become a tail as you enter the water.
The swamp worm bites the plant.
A swamp worm comes into view.
The catoblepas breathes a plume of calcifying dust at you.
The blast of calcifying dust hits you!
The swamp worm bites the plant but does no damage.
A tyrant leech comes into view.
The swamp worm bites the plant!
You begin to radiate toxic energy.
The tyrant leech is poisoned. x4
The swamp worm is poisoned.
The catoblepas looks as sick as possible!
You kill the catoblepas!
The swamp worm bites the plant!!
The plant is destroyed!
The tyrant leech is poisoned.
The tyrant leech looks even sicker. x2
The moth of wrath looks as sick as possible!
The tyrant leech is poisoned. x2; The swamp worm is poisoned.
The tyrant leech looks even sicker.
The swamp worm is poisoned.
The tyrant leech looks even sicker.
The tyrant leech is poisoned.
The tyrant leech looks even sicker. x2; The swamp worm is poisoned.
The tyrant leech looks even sicker.
The swamp worm looks even sicker.
The tyrant leech looks even sicker.
The swamp worm looks even sicker.
The tyrant leech is engulfed in calcifying dust.
The tyrant leech is moving more slowly.
The tyrant leech looks even sicker.
The swamp worm looks even sicker.
The tyrant leech looks even sicker. x2
The tyrant leech looks as sick as possible!
The moth of wrath is poisoned.
The tyrant leech looks as sick as possible!
The swamp worm looks even sicker. x2; The tyrant leech bites the plant.
You block the swamp worm's attack.
The tyrant leech looks even sicker.
The tyrant leech looks as sick as possible!
Your toxic aura wanes.
The tyrant leech is engulfed in calcifying dust.
The tyrant leech stops moving altogether!
You begin to radiate toxic energy.
The tyrant leech looks as sick as possible! x2
You feel a bit more experienced.
The tyrant leech is engulfed in calcifying dust.
You block the swamp worm's attack.
The tyrant leech looks as sick as possible! x2
The tyrant leech looks even sicker.
The tyrant leech looks as sick as possible!
The swamp worm throws harpoon shot at you.
The harpoon shot hits you!
You die...
Your body glows with a rainbow of weird colours and disappears.

...........≈≈≈≈≈≈§≈..# ##
.........≈≈≈≈≈≈≈≈≈≈≈.##.# .
........≈≈≈#######§≈≈..## ..
........≈≈##yw≈ww#Pw≈...###..
.#.#....≈≈# wwww.≈≈w≈...#....
.#####..≈≈##≈ww≈y#P≈†....#
.#####..≈≈≈#######ww≈....##..#
#..##....≈≈≈≈≈≈≈≈≈≈≈≈......#
.#.#####...≈≈≈≈≈@≈.........#
....###....#≈#.....P.#...#.#
...#..#P#####.#.#..####.#..#
.....### ######.# .#.## .....#
### .. # ....## ... .....#
.... .....## ... ..P...#


You could see 3 tyrant leeches and a swamp worm.

Vanquished Creatures
  A hydra (Lair:3)
  Harold (D:7)
  A catoblepas (Lair:6)
  2 two-headed ogres
  A lindwurm (Lair:6)
  3 orc knights (Bailey)
  3 oklob plants
  A moth of wrath (Lair:6)
  4 elephants (Lair:5)
  3 black mambas
  A guardian serpent (Bailey)
  A torpor snail (Lair:5)
  7 spiny frogs
  A rime drake (Lair:5)
  4 komodo dragons
  2 polar bears
  2 trolls (D:9)
  2 tyrant leeches (Lair:6)
  Grinder (D:4)
  9 blink frogs
  5 hippogriffs
  7 dream sheep
  Sigmund (D:2)
  2 wyverns
  15 yaks
  Eustachio (D:4)
  2 nagas (Lair:2)
  9 porcupines
  Duvessa (D:6)
  5 water moccasins
  A sky beast (D:8)
  8 orc warriors (Bailey)
  2 ice beasts
  2 phantoms (D:5)
  2 black bears
  6 ogres
  A centaur (D:8)
  13 wolves
  7 crocodiles
  A big kobold (D:9)
  Blork the orc (D:4)
  8 bullfrogs
  Dowan (D:6)
  17 killer bees
  3 wights (D:7)
  A howler monkey (D:6)
  An electric eel (Lair:5)
  A crimson imp (D:6)
  5 hounds
  2 jellies
  Crazy Yiuf (D:3)
  A centaur skeleton (D:7)
  3 orc priests
  Jessica (D:3)
  15 orc wizards
  Terence (D:1)
  Natasha (thrice) (D:2)
  3 iguanas
  8 worker ants
  2 hound skeletons
  4 worker ant zombies
  11 adders
  3 shadow imps
  2 oozes (D:2)
  An adder skeleton (D:8)
  2 worms (D:2)
  2 dart slugs
  9 leopard geckos
  55 orcs
  3 giant cockroaches (D:1)
  9 goblins
  8 hobgoblins
  6 jackals
  21 kobolds
  4 quokkas
  2 ball pythons
  3 bats (D:1)
  5 frilled lizards
  2 leopard gecko skeletons
  2 quokka skeletons (D:4)
  A quokka zombie (D:4)
  12 rats
  A bush (D:1)
  4 plants
391 creatures vanquished.

Vanquished Creatures (collateral kills)
  An orc knight (Bailey)
  2 orc warriors (Bailey)
3 creatures vanquished.

Vanquished Creatures (others)
  An orc warrior (Bailey)
  10 plants
11 creatures vanquished.

Grand Total: 405 creatures vanquished

Notes
Turn   | Place    | Note
-------+----------+-------------------------------------------
     0 | D:1      | MalarOregon the Merfolk Venom Mage began the quest for the
                  | Orb.
     0 | D:1      | Reached XP level 1. HP: 13/13 MP: 3/3
   350 | D:1      | Reached skill level 1 in Conjurations
   350 | D:1      | Reached XP level 2. HP: 19/19 MP: 1/5
   400 | D:1      | Reached skill level 3 in Dodging
   532 | D:1      | Learned a level 2 spell: Poisonous Vapours
   823 | D:1      | Reached XP level 3. HP: 19/25 MP: 3/6
  1664 | D:2      | Noticed Terence
  1740 | D:1      | Killed Terence
  1740 | D:1      | Reached skill level 1 in Fighting
  1740 | D:1      | Reached skill level 1 in Short Blades
  1740 | D:1      | Reached XP level 4. HP: 20/32 MP: 1/7
  1905 | D:2      | Noticed Sigmund
  1915 | D:2      | Killed Sigmund
  1915 | D:2      | Reached skill level 1 in Armour
  1915 | D:2      | Reached skill level 4 in Dodging
  1915 | D:2      | Reached XP level 5. HP: 32/38 MP: 1/9
  1915 | D:2      | Reached XP level 6. HP: 37/44 MP: 1/10
  1926 | D:2      | Learned a level 4 spell: Olgreb's Toxic Radiance
  2499 | D:2      | Noticed Natasha
  2501 | D:2      | Killed Natasha
  2657 | D:2      | Noticed Natasha
  2665 | D:2      | Killed Natasha
  3198 | D:2      | Noticed Natasha
  3205 | D:2      | Killed Natasha
  3542 | D:3      | Noticed Jessica
  3547 | D:3      | Killed Jessica
  3656 | D:3      | Reached XP level 7. HP: 41/51 MP: 4/11
  4175 | D:3      | Found a runed door.
  4179 | D:3      | Noticed Crazy Yiuf
  4197 | D:3      | Killed Crazy Yiuf
  4454 | D:4      | Noticed Grinder
  4468 | D:4      | Killed Grinder
  4468 | D:4      | Reached skill level 5 in Dodging
  4623 | D:4      | Reached skill level 5 in Poison Magic
  4623 | D:4      | Reached XP level 8. HP: 38/58 MP: 9/13
  4858 | D:4      | Noticed Eustachio
  4870 | D:4      | Killed Eustachio
  5071 | D:4      | Found a deep blue altar of Sif Muna.
  5122 | D:4      | Noticed Blork the orc
  5131 | D:4      | Killed Blork the orc
  5131 | D:4      | Reached skill level 1 in Shields
  5206 | D:5      | Entered Level 5 of the Dungeon
  5593 | D:6      | Found a sparkling altar of Nemelex Xobeh.
  5597 | D:6      | Became a worshipper of Nemelex Xobeh the Trickster
  5658 | D:6      | Reached skill level 6 in Dodging
  5665 | D:6      | Received a gift from Nemelex Xobeh
  5778 | D:6      | Reached XP level 9. HP: 60/66 MP: 6/15
  6179 | D:5      | Reached skill level 5 in Fighting
  6184 | D:5      | Reached skill level 1 in Long Blades
  6552 | D:6      | Found an ancient bone altar of Kikubaaqudgha.
  6553 | D:6      | Found an iron altar of Okawaru.
  6553 | D:6      | Found a hazy altar of Hepliaklqana.
  6554 | D:6      | Found an opulent altar of Gozag.
  6617 | D:6      | Noticed Duvessa
  6617 | D:6      | Noticed Dowan
  6624 | D:6      | Killed Dowan
  6626 | D:6      | Killed Duvessa
  6803 | D:7      | Received a gift from Nemelex Xobeh
  6827 | D:7      | Reached skill level 7 in Dodging
  6837 | D:7      | Reached skill level 5 in Spellcasting
  6863 | D:7      | Learned a level 2 spell: Call Imp
  6867 | D:7      | Found a staircase to the Ecumenical Temple.
  6974 | Temple   | Entered the Ecumenical Temple
  6995 | Temple   | Reached * piety under Nemelex Xobeh
  7279 | D:7      | Noticed Harold
  7296 | D:7      | Killed Harold
  7296 | D:7      | Reached XP level 10. HP: 45/76 MP: 10/18
  7454 | D:7      | Got a sapphire quarterstaff
  7498 | D:7      | Reached skill level 8 in Dodging
  7622 | D:8      | Noticed a two-headed ogre
  7630 | D:8      | Killed a two-headed ogre
  7662 | D:8      | Found a flagged portal.
  7673 | Bailey   | Entered a bailey
  7890 | Bailey   | Noticed an orc knight
  7891 | Bailey   | Noticed an orc knight
  7891 | Bailey   | Noticed an orc knight
  7913 | Bailey   | Killed an orc knight
  7913 | Bailey   | Reached skill level 5 in Long Blades
  7913 | Bailey   | Reached skill level 9 in Dodging
  7928 | Bailey   | Killed an orc knight
  7928 | Bailey   | Reached skill level 1 in Invocations
  7928 | Bailey   | Reached XP level 11. HP: 73/84 MP: 4/20
  7928 | Bailey   | Killed an orc knight
  7953 | Bailey   | Noticed an orc knight
  7955 | Bailey   | an orc knight changed into a guardian serpent
  7957 | Bailey   | Noticed an orc knight
  7957 | Bailey   | HP: 2/84 [orc knight/glaive (20)]
  7962 | Bailey   | HP: 4/84 [orc knight/glaive (27)]
  7966 | Bailey   | Reached skill level 5 in Armour
  7975 | Bailey   | Killed an orc knight
  8506 | D:8      | Reached ** piety under Nemelex Xobeh
  8850 | D:9      | Noticed a two-headed ogre
  8863 | D:9      | Killed a two-headed ogre
  8914 | D:9      | Received a gift from Nemelex Xobeh
  9024 | D:9      | Found a staircase to the Lair.
  9050 | D:9      | Found a white marble altar of Elyvilon.
  9216 | D:9      | Received a gift from Nemelex Xobeh
  9228 | D:9      | Reached skill level 10 in Dodging
  9541 | Lair:1   | Entered Level 1 of the Lair of Beasts
  9541 | Lair:1   | Noticed an oklob plant
  9561 | Lair:1   | Killed an oklob plant
  9884 | Lair:1   | Reached *** piety under Nemelex Xobeh
 10062 | Lair:1   | Received a gift from Nemelex Xobeh
 10500 | Lair:2   | Reached XP level 12. HP: 59/94 MP: 11/22
 10700 | Lair:2   | Found a staircase to the Snake Pit.
 10878 | Lair:2   | Reached **** piety under Nemelex Xobeh
 10941 | Lair:2   | Received a gift from Nemelex Xobeh
 12158 | Lair:2   | Reached skill level 5 in Invocations
 12524 | Lair:3   | Received a gift from Nemelex Xobeh
 12539 | Lair:3   | Noticed a five-headed hydra
 12561 | Lair:3   | Killed a five-headed hydra
 12561 | Lair:3   | Reached skill level 11 in Dodging
 13092 | Lair:3   | Found a staircase to the Swamp.
 13119 | Lair:3   | Received a gift from Nemelex Xobeh
 13254 | Lair:4   | Reached ***** piety under Nemelex Xobeh
 13293 | Lair:4   | Found a basalt altar of Yredelemnul.
 13520 | Lair:4   | Received a gift from Nemelex Xobeh
 13812 | Lair:4   | Received a gift from Nemelex Xobeh
 14121 | Lair:5   | Reached XP level 13. HP: 79/101 MP: 7/25
 15357 | Lair:6   | Entered Level 6 of the Lair of Beasts
 15438 | Lair:6   | Received a gift from Nemelex Xobeh
 15476 | Lair:6   | Reached skill level 12 in Dodging
 15487 | Lair:6   | Reached skill level 10 in Fighting
 15646 | Lair:6   | Found a staircase to the Slime Pits.
 15697 | Lair:6   | Received a gift from Nemelex Xobeh
 15723 | Lair:6   | Killed from afar by a swamp worm

Skill      XL: |  1  2  3  4  5  6  7  8  9 10 11 12 13 |
---------------+----------------------------------------+-----
Conjurations   | 1 |  1.1
Dodging        | 3 4 5 6 7 9 10 11 12 | 12.2
Fighting       | 1 2 3 4 6 7 8 9 10 | 10.1
Short Blades   | 1 2 3 4 |  4.9
Armour         | 1 2 3 4 5 6 7 |  7.0
Stealth        | 3 |  3.3
Poison Magic   | 4 5 6 |  6.0
Spellcasting   | 3 4 5 6 7 8 |  8.7
Shields        | 2 4 |  4.3
Long Blades    | 3 5 6 8 |  8.9
Invocations    | 1 4 6 7 |  7.1

Action                   |  1- 3 |  4- 6 |  7- 9 | 10-12 | 13-15 || total
-------------------------+-------+-------+-------+-------+-------++-------
Melee: Unarmed           |    14 |       |       |       |       ||    14
       Dagger            |   314 |    72 |   204 |    19 |       ||   609
       Short sword       |   149 |       |       |       |       ||   149
       Falchion          |       |       |   131 |   447 |   117 ||   695
       Tailslap          |       |       |       |     5 |     5 ||    10
 Cast: Sting             |    21 |       |       |       |       ||    21
       Poisonous Vapours |    23 |    40 |    36 |    20 |     5 ||   124
       Olgreb's Toxic Ra |       |     3 |    22 |    55 |    22 ||   102
       Call Imp          |       |       |     3 |     1 |       ||     4
Invok: Stack Five        |       |       |       |     1 |       ||     1
Evoke: Deck              |       |       |       |     6 |       ||     6
       Wand              |       |       |       |     6 |       ||     6
  Use: Scroll            |     2 |       |     8 |    24 |     1 ||    35
       Potion            |       |       |       |     6 |       ||     6
 Stab: Sleeping          |       |     2 |     6 |     4 |       ||    12
       Distracted        |       |       |     1 |       |       ||     1
  Eat: Chunk             |     2 |     9 |    19 |    19 |     4 ||    53
       Ration            |     1 |       |       |     3 |     1 ||     5
Armor: Robe              |     8 |       |       |       |       ||     8
       Leather armour    |    14 |     8 |    49 |    72 |    13 ||   156
Dodge: Dodged            |    88 |    41 |   240 |   417 |    64 ||   850
Block: Buckler           |       |       |    55 |   259 |    39 ||   353
       Reflection        |       |       |       |     5 |       ||     5
       Rpst.: Falchion   |       |       |    37 |    93 |    15 ||   145
